 Dungeon Crawl Stone Soup version 0.30.1-9-gdf580d7c3d (webtiles) character file.

Game seed: 16782589809435731449

5 santy the Conjurer (level 1, 0/13 HPs)
             Began as a Human Conjurer on Oct 5, 2023.
             Slain by a ball python (1 damage)
             ... on level 2 of the Dungeon.
             The game lasted 00:09:18 (655 turns).

santy the Conjurer (Human Conjurer)                  Turns: 655, Time: 00:09:19

Health: 0/13       AC:  2    Str:  7    XL:     1   Next: 88%
Magic:  3/3        EV:  9    Int: 18    God:
Gold:   36         SH:  0    Dex: 11    Spells: 3/4 levels left

rFire   . . .        (no weapon)
rCold   . . .        (no shield)
rNeg    . . .        a - +0 robe
rPois   .            (no helmet)
rElec   .            (no cloak)
rCorr   .            (no gloves)
SInv    .            (no boots)
Will    .....        (no amulet)
Stlth   ++           (no ring)
HPRegen 0.22/turn    (no ring)
MPRegen 0.08/turn

%: no passive effects
@: constricted
A: no striking features
a: no special abilities


You were on level 2 of the Dungeon.
You visited 1 branch of the dungeon, and saw 2 of its levels.

You collected 36 gold pieces.

Inventory:

Hand Weapons
 h - a +0 dagger
Armour
 a - a +0 robe (worn)
 f - a +0 leather armour
Scrolls
 c - 2 scrolls of identify {unknown}
 g - a scroll of amnesia {unknown}
Potions
 b - a potion of magic
 d - 2 potions of attraction {unknown}
 e - a potion of degeneration {unknown}


   Skills:
 + Level 2.2 Dodging
 + Level 2.0 Stealth
 + Level 2.0 Spellcasting
 + Level 4.1 Conjurations


You had 3 spell levels left.
You knew the following spells:

 Your Spells              Type           Power      Damage    Failure   Level
a - Magic Dart            Conj           64%        1d6       3%          1

Your spell library contained the following spells:

 Spells                   Type           Power      Damage    Failure   Level
 Searing Ray              Conj           32%        2d5       4%          2
 Dazzling Flash           Conj/Hex       18%        N/A       22%         3
 Fulminant Prism          Conj/Hex       4%         3d5       58%         4
 Iskenderun's Mystic Bla  Conj/Tloc      9%         2d4       58%         4


Dungeon Overview and Level Annotations

Branches:
Dungeon (1/15)

Altars:

Shops:
D:1 :


Message History

There are no items here.
The ball python barely misses you. The ball python grabs you.
The ball python constricts you.
* * * LOW HITPOINT WARNING * * *
The ball python barely misses you. The ball python constricts you.
* * * LOW HITPOINT WARNING * * *
The ball python barely misses you. The ball python constricts you.
You can't go up here!
The ball python's grasp on you weakens, but your attempt to escape fails.
The ball python bites you but does no damage.
The ball python constricts you.
The ball python's grasp on you weakens, but your attempt to escape fails.
The ball python bites you.
* * * LOW HITPOINT WARNING * * *
The ball python constricts you.
You escape the ball python's grasp.
The ball python bites you but does no damage.
The ball python misses you.
The ball python attacks as you move away!
The ball python barely misses you.
The ball python bites you but does no damage.
The ball python grabs you. The ball python constricts you.
You hit the ball python.
The ball python is moderately wounded.
The ball python closely misses you. The ball python constricts you.
* * * LOW HITPOINT WARNING * * *
You barely miss the ball python.
The ball python is moderately wounded.
The ball python misses you. The ball python constricts you.
* * * LOW HITPOINT WARNING * * *
You barely miss the ball python. The ball python closely misses you.
The ball python constricts you.
You hit the ball python.
The ball python is moderately wounded.
The ball python closely misses you. The ball python constricts you.
* * * LOW HITPOINT WARNING * * *
You hit the ball python.
The ball python is severely wounded.
The ball python bites you.
You die...

##### #...# #...# #...#
..# ##...## # #.#
######.....#### #. #.#
#>...S@.......#
.##.###.##..........#
.#..........###..###
....###.##..........#
###.# #..........#.##
#.# ###........#.#
#.#####........#.#
##.####.......##.#.....#
..........######.....###


You could see a ball python.

Vanquished Creatures
  A ball python (D:1)
  2 goblins
  2 bats
5 creatures vanquished.

Notes
Turn   | Place    | Note
-------+----------+-------------------------------------------
     0 | D:1      | santy the Human Conjurer began the quest for the Orb.
     0 | D:1      | Reached XP level 1. HP: 13/13 MP: 3/3
    43 | D:1      | Found Atsuithruus's Book Emporium.
   468 | D:1      | You fall into a shaft and drop 1 floor!
   655 | D:2      | Slain by a ball python

Illustrated notes

Levels and vault maps discovered:
D:1:      onia_arrival_pyramid, layout_rooms, serial_shops, shop,
          serial_bayou_pond_d, nicolae_eternal_life
D:2:      layout_basic, chequers_ecumenical_altar_lobes,
          kennysheep_generic_room_14

Action                     || total
---------------------------++-------
  Melee: Unarmed           ||    44
         Punch             ||     1
   Cast: Magic Dart        ||     3
 Armour: Robe              ||    28
  Dodge: Dodged            ||    65
